Sewer Rats vs Punishers
(R1)
Created - March 25, 2019 at 19:04
Goals
|
Sewer Rats |
0 |
1 |
1 |
0 |
0 |
2 |
Punishers |
0 |
2 |
0 |
0 |
1 |
3 |
|
Shots
|
Sewer Rats |
9 |
8 |
14 |
3 |
3 |
34 |
Punishers |
15 |
12 |
6 |
0 |
2 |
33 |
|
1st period
No Goal
Penalties :
Louis Domingue (Pro) for Slashing (Minor) at 1:29 - Andreas Athanasiou served the penalty, Stefan Elliott (Pro) for Kneeing (Minor) at 4:32, Patrick Wiercioch (Pro) for Hooking (Minor) at 4:41, Steven Kampfer (Tol) for Hooking (Minor) at 7:16, Nikita Gusev (Pro) for Roughing (Minor) at 19:26
2nd period
1. Sewer Rats , Steven Kampfer 9 (Tomas Tatar 34, Vincent Trocheck 38) at 1:42
2. Punishers , Robbie Earl 39 (Mattias Tedenby 38, Colton Gillies 29) at 6:15
3. Punishers , Carter Ashton 9 (Nikita Gusev 1, Michael Joly 1) at 9:28
Penalties :
Mattias Tedenby (Pro) for Tripping (Minor) at 6:37, Anthony Duclair (Tol) for Roughing (Minor) at 15:49
3rd period
4. Sewer Rats , Tomas Tatar 32 (Matt Lashoff 40, Mark Mancari 47) at 7:05 (PP)
Penalties :
Nick Cousins (Tol) for Cross-checking (Minor) at 1:53, Colton Gillies (Pro) for Slashing (Minor) at 6:58, Adam Pelech (Pro) for Hooking (Minor) at 7:18, Jarred Tinordi (Tol) for Roughing (Minor) at 14:11, Daniel Carr (Tol) for Hooking (Minor) at 19:10
Overtime #1
No Goal
Penalties :
No Penalty
Shootout
Sewer Rats, Mark Mancari - Stopped by Louis Domingue
Punishers, Mattias Tedenby - Shot Misses the Net
Sewer Rats, Erik Condra - Stopped by Louis Domingue
Punishers, Robbie Earl - Goal!
Sewer Rats, Tomas Tatar - Stopped by Louis Domingue
Penalties :
No Penalty
Goalie Stats
Antoine Bibeau (Tol), 31 saves from 33 shots - (0.939), OTL, 2-3-3, 65:00 minutes
Louis Domingue (Pro), 32 saves from 34 shots - (0.941), W, 14-11-1, 65:00 minutes
Players Stats for Sewer Rats
Player Name G A P +/- PIM S H SB GA TA FO MP PP MP PK MP
------------------------------------------------------------------------------------
Anthony Duclair 0 0 0 -1 2 1 0 0 0 0 0/0 8:59 0:00 0:00
Connor Carrick 0 0 0 0 0 0 1 1 0 0 0/0 4:58 0:00 0:24
Daniel Carr 0 0 0 0 2 0 1 0 0 1 0/0 16:18 3:37 1:53
Dmitrij Jaskin 0 0 0 0 0 2 0 0 0 0 0/0 9:22 0:00 0:00
Erik Condra 0 0 0 0 0 5 0 0 1 0 1/1 19:49 3:37 4:38
Jarred Tinordi 0 0 0 0 2 2 1 0 0 1 0/0 20:24 3:40 2:57
Joel Edmundson 0 0 0 0 0 1 1 1 0 2 0/0 21:20 3:40 3:52
John Ramage 0 0 0 -1 0 0 0 0 0 0 0/0 9:31 0:00 0:00
Jonathan Marchessault 0 0 0 0 0 1 2 0 3 1 4/10 13:16 3:37 0:00
Joseph Blandisi 0 0 0 0 0 0 0 0 0 0 0/0 9:22 0:00 0:00
Mark Mancari 0 1 1 0 0 3 4 0 0 1 5/10 25:32 6:34 5:17
Martin Frk 0 0 0 -1 0 4 1 0 1 0 0/0 9:42 0:00 0:00
Matt Lashoff 0 1 1 0 0 3 1 1 0 0 0/0 30:17 6:31 6:01
Nick Cousins 0 0 0 0 2 3 1 0 0 1 2/2 12:04 0:00 1:34
Ryan Murphy 0 0 0 -1 0 0 0 2 0 0 0/0 10:54 0:00 1:50
Steven Kampfer 1 0 1 0 2 2 3 1 3 0 0/0 29:16 6:31 4:46
Tomas Tatar 1 1 2 0 0 4 2 0 2 0 0/1 21:45 6:34 2:08
Vincent Trocheck 0 1 1 0 0 1 4 1 0 0 12/31 22:37 6:34 3:00
William Karlsson 0 0 0 -1 0 2 1 0 0 1 4/9 10:25 0:00 0:10
Xavier Ouellet 0 0 0 0 0 0 0 0 0 0 0/0 4:09 0:00 0:00
Players Stats for Punishers
Player Name G A P +/- PIM S H SB GA TA FO MP PP MP PK MP
------------------------------------------------------------------------------------
Adam Pelech 0 0 0 0 2 1 2 2 1 1 0/0 25:34 5:12 2:42
Andreas Athanasiou 0 0 0 0 0 3 2 0 0 0 7/14 16:44 4:40 0:00
Carter Ashton 1 0 1 0 0 3 0 0 0 0 0/0 11:16 0:00 2:12
Colton Gillies 0 1 1 1 2 2 3 0 0 1 18/33 23:26 3:46 6:04
David Laliberté 0 0 0 -1 0 2 2 1 3 1 0/0 16:11 3:46 2:12
Dylan DeMelo 0 0 0 0 0 2 2 0 0 2 0/0 13:47 0:00 0:21
Freddie Hamilton 0 0 0 0 0 0 1 0 0 2 4/7 10:19 0:00 0:00
Garret Ross 0 0 0 0 0 4 1 0 0 0 1/1 11:03 0:09 1:03
Jordan Schmaltz 0 0 0 2 0 1 1 1 1 1 0/0 22:32 3:33 4:15
Madison Bowey 0 0 0 1 0 1 4 2 0 0 0/0 25:28 3:33 7:02
Mattias Tedenby 0 1 1 1 2 2 2 0 0 0 1/2 19:51 4:52 0:00
Michael Joly 0 1 1 1 0 0 1 0 0 1 2/2 8:48 0:05 0:00
Miikka Salomaki 0 0 0 0 0 2 1 0 0 0 1/2 10:59 0:26 1:12
Nikita Gusev 0 1 1 0 2 2 0 0 0 0 0/0 8:58 0:00 0:00
Patrick Wiercioch 0 0 0 0 2 2 1 3 0 0 0/0 14:24 0:00 1:18
Robbie Earl 1 0 1 1 0 3 3 1 0 1 2/3 25:15 4:45 5:40
Stefan Elliott 0 0 0 -1 2 2 3 1 3 0 0/0 28:24 5:12 4:52
Tyler Bertuzzi 0 0 0 0 0 1 0 0 0 0 0/0 14:54 3:46 0:00
3 Stars
1 - Robbie Earl (Pro)
2 - Tomas Tatar (Tol)
3 - Louis Domingue (Pro)
Power Play
Sewer Rats - 1 on 7 Attempt(s) - 14.29%
Punishers - 0 on 5 Attempt(s) - 0.00%
Penalty Kill
Sewer Rats - 5 on 5 Attempt(s) - 100.00%
- Score 0 goal in Penalty Kill
Punishers - 6 on 7 Attempt(s) - 85.71%
- Score 0 goal in Penalty Kill
Team Stat
Sewer Rats - Hits : 23 - Faceoff Wins : 28 - Blocked Shots : 7 - Penalty Minutes : 10
Punishers - Hits : 29 - Faceoff Wins : 36 - Blocked Shots : 11 - Penalty Minutes : 14
Official
Referees : Unknown
Linesman : Unknown
Game Notes
No Game Note
Finance
Level 1 -- Attendance: 1370 (68.50%) -- Ticket Income $54,800
Level 2 -- Attendance: 695 (69.50%) -- Ticket Income $13,900
Total Attendance: 2065 (68.83%)
Total Ticket Income: $68,700
Other Income: $3,435
Total Income: $72,135
Sewer Rats
5 vs 5 Forward
Center Left Wing Right Wing Time % Phy DF OF
1 Vincent Trocheck Tomas Tatar Mark Mancari 40 1 2 2
2 Jonathan Marchessault Daniel Carr Erik Condra 30 1 2 2
3 William Karlsson Anthony Duclair Martin Frk 20 1 2 2
4 Nick Cousins Joseph Blandisi Dmitrij Jaskin 10 1 2 2
5 vs 5 Defense
Defense Defense Time % Phy DF OF
1 Matt Lashoff Steven Kampfer 40 1 2 2
2 Jarred Tinordi Joel Edmundson 30 1 2 2
3 John Ramage Ryan Murphy 20 1 2 2
4 Connor Carrick Xavier Ouellet 10 1 2 2
PowerPlay Forward
Center Left Wing Right Wing Time % Phy DF OF
1 Vincent Trocheck Tomas Tatar Mark Mancari 60 1 2 2
2 Jonathan Marchessault Daniel Carr Erik Condra 40 1 2 2
PowerPlay Defense
Defense Defense Time % Phy DF OF
1 Matt Lashoff Steven Kampfer 60 1 2 2
2 Jarred Tinordi Joel Edmundson 40 1 2 2
Penalty Kill 4 Players Forward
Center Wing Time % Phy DF OF
1 Mark Mancari Erik Condra 60 1 2 2
2 Tomas Tatar Vincent Trocheck 40 1 2 2
Penalty Kill 4 Players Defense
Defense Defense Time % Phy DF OF
1 Matt Lashoff Steven Kampfer 60 1 2 2
2 Jarred Tinordi Joel Edmundson 40 1 2 2
Penalty Kill - 3 Players Forward
Forward Time % Phy DF OF
1 Mark Mancari 60 1 2 2
2 Erik Condra 40 1 2 2
Penalty Kill - 3 Players Defense
Defense Defense Time % Phy DF OF
1 Matt Lashoff Steven Kampfer 60 1 2 2
2 Jarred Tinordi Joel Edmundson 40 1 2 2
4 vs 4 Forward
Center Wing Time % Phy DF OF
1 Mark Mancari Erik Condra 60 1 2 2
2 Tomas Tatar Vincent Trocheck 40 1 2 2
4 vs 4 Defense
Defense Defense Time % Phy DF OF
1 Matt Lashoff Steven Kampfer 60 1 2 2
2 Jarred Tinordi Joel Edmundson 40 1 2 2
Last Minutes Offensive
Center Left Wing Right Wing Defense Defense
Vincent Trocheck Tomas Tatar Mark Mancari Matt Lashoff Steven Kampfer
Last Minutes Defensive
Center Left Wing Right Wing Defense Defense
Vincent Trocheck Tomas Tatar Mark Mancari Matt Lashoff Steven Kampfer
Goaltenders
Starting : Antoine Bibeau
Backup : Marek Mazanek
Extra Forwards
Normal : William Karlsson, Martin Frk, Nick Cousins - PP : William Karlsson, Martin Frk - PK : Nick Cousins
Extra Defensemen
Normal : John Ramage, Ryan Murphy, Connor Carrick - PP : John Ramage - PK : Ryan Murphy, Connor Carrick
Penalty Shots
Mark Mancari, Erik Condra, Tomas Tatar, Vincent Trocheck, Jonathan Marchessault
Scratches
Dominik Kubalik (Healthy), Josh Archibald (Healthy), Jonathan Racine (Healthy), Tyler Motte (Healthy), Chris Calhan (Healthy)
Sergei Kostenko (Healthy)
Punishers
5 vs 5 Forward
Center Left Wing Right Wing Time % Phy DF OF
1 Colton Gillies Robbie Earl Mattias Tedenby 40 0 2 3
2 Andreas Athanasiou Tyler Bertuzzi David Laliberté 30 0 2 3
3 Freddie Hamilton Garret Ross Miikka Salomaki 20 1 2 2
4 Michael Joly Nikita Gusev Carter Ashton 10 1 2 2
5 vs 5 Defense
Defense Defense Time % Phy DF OF
1 Stefan Elliott Adam Pelech 40 1 2 2
2 Jordan Schmaltz Madison Bowey 30 1 2 2
3 Patrick Wiercioch Dylan DeMelo 20 1 2 2
4 Stefan Elliott Madison Bowey 10 1 2 2
PowerPlay Forward
Center Left Wing Right Wing Time % Phy DF OF
1 Andreas Athanasiou Robbie Earl Mattias Tedenby 60 0 2 3
2 Colton Gillies Tyler Bertuzzi David Laliberté 40 0 2 3
PowerPlay Defense
Defense Defense Time % Phy DF OF
1 Stefan Elliott Adam Pelech 60 0 2 3
2 Jordan Schmaltz Madison Bowey 40 0 2 3
Penalty Kill 4 Players Forward
Center Wing Time % Phy DF OF
1 Colton Gillies Robbie Earl 60 0 3 2
2 David Laliberté Carter Ashton 40 0 3 2
Penalty Kill 4 Players Defense
Defense Defense Time % Phy DF OF
1 Stefan Elliott Madison Bowey 60 0 3 2
2 Jordan Schmaltz Adam Pelech 40 0 3 2
Penalty Kill - 3 Players Forward
Forward Time % Phy DF OF
1 Colton Gillies 60 0 4 1
2 Robbie Earl 40 0 4 1
Penalty Kill - 3 Players Defense
Defense Defense Time % Phy DF OF
1 Stefan Elliott Madison Bowey 60 0 5 0
2 Jordan Schmaltz Adam Pelech 40 0 5 0
4 vs 4 Forward
Center Wing Time % Phy DF OF
1 Andreas Athanasiou Mattias Tedenby 60 0 2 3
2 Colton Gillies Robbie Earl 40 0 2 3
4 vs 4 Defense
Defense Defense Time % Phy DF OF
1 Stefan Elliott Adam Pelech 60 1 2 2
2 Jordan Schmaltz Madison Bowey 40 1 2 2
Last Minutes Offensive
Center Left Wing Right Wing Defense Defense
Andreas Athanasiou Robbie Earl Mattias Tedenby Stefan Elliott Adam Pelech
Last Minutes Defensive
Center Left Wing Right Wing Defense Defense
Colton Gillies Robbie Earl Carter Ashton Stefan Elliott Adam Pelech
Goaltenders
Starting : Louis Domingue
Backup : Daniel Altshuller
Extra Forwards
Normal : Tyler Bertuzzi, Andreas Athanasiou, Robbie Earl - PP : Tyler Bertuzzi, Miikka Salomaki - PK : Miikka Salomaki
Extra Defensemen
Normal : Madison Bowey, Stefan Elliott, Jordan Schmaltz - PP : Patrick Wiercioch - PK : Patrick Wiercioch, Jordan Schmaltz
Penalty Shots
Mattias Tedenby, Robbie Earl, David Laliberté, Colton Gillies, Miikka Salomaki
Scratches
Radek Faksa (Herniated Disc Injury), Dan Bertram (Healthy), Ben Betker (Healthy), John Macfarland (Healthy), Trevor Van Riemsdyk (Left Hand Injury)
Zack Hamill (Strained Right Elbow Injury)
% Time on Ice - Sewer Rats
Lines # - Real PCT - Wanted PCT - Time Play
Normal Forward
1 - 32% - 40% - 13:04
2 - 23% - 30% - 9:39
3 - 22% - 20% - 8:59
4 - 23% - 10% - 9:22
Normal Defense
1 - 39% - 40% - 15:56
2 - 30% - 30% - 12:10
3 - 21% - 20% - 8:49
4 - 10% - 10% - 4:09
PP Forward
1 - 64% - 60% - 6:34
2 - 36% - 40% - 3:37
PP Defense
1 - 64% - 60% - 6:31
2 - 36% - 40% - 3:40
PK Forward
1 - 76% - 60% - 6:37
2 - 24% - 40% - 2:08
PK Defense
1 - 61% - 60% - 5:22
2 - 39% - 40% - 3:23
PK3 Forward
1 - 96% - 60% - 1:07
2 - 4% - 40% - 0:03
PK3 Defense
1 - 56% - 60% - 0:39
2 - 44% - 40% - 0:31
44 Forward
1 - 76% - 60% - 2:54
2 - 24% - 40% - 0:56
44 Defense
1 - 57% - 60% - 2:12
2 - 43% - 40% - 1:38
Last Minute Offensive - 0:00
Last Minute Defensive - 0:00
Total
Forward - 65:00
Defense - 65:00
|
% Time on Ice - Punishers
Lines # - Real PCT - Wanted PCT - Time Play
Normal Forward
1 - 31% - 40% - 12:52
2 - 25% - 30% - 10:13
3 - 23% - 20% - 9:17
4 - 21% - 10% - 8:42
Normal Defense
1 - 39% - 40% - 16:02
2 - 30% - 30% - 12:27
3 - 31% - 20% - 12:35
4 - 0% - 10% - 0:00
PP Forward
1 - 57% - 60% - 4:59
2 - 43% - 40% - 3:46
PP Defense
1 - 59% - 60% - 5:12
2 - 41% - 40% - 3:33
PK Forward
1 - 72% - 60% - 6:00
2 - 28% - 40% - 2:21
PK Defense
1 - 65% - 60% - 5:24
2 - 35% - 40% - 2:57
PK3 Forward
1 - 69% - 60% - 1:16
2 - 31% - 40% - 0:34
PK3 Defense
1 - 70% - 60% - 1:17
2 - 30% - 40% - 0:33
44 Forward
1 - 82% - 60% - 4:07
2 - 18% - 40% - 0:53
44 Defense
1 - 62% - 60% - 3:07
2 - 38% - 40% - 1:53
Last Minute Offensive - 0:00
Last Minute Defensive - 0:00
Total
Forward - 65:00
Defense - 65:00
|
Play-by-Play
1st period
0:01 of 1st period - Colton Gillies wins face-off versus Vincent Trocheck in neutral zone.
0:34 of 1st period - Wrist shot by Andreas Athanasiou.
0:34 of 1st period - Deflect By Matt Lashoff.
0:34 of 1st period - Stopped by Antoine Bibeau with a rebound.
0:38 of 1st period - Snap shot by David Laliberté.
0:38 of 1st period - Stopped by Antoine Bibeau without a rebound.
0:39 of 1st period - Freddie Hamilton wins face-off versus William Karlsson in Sewer Rats zone.
1:04 of 1st period - Jarred Tinordi is hit by Michael Joly and loses puck.
1:29 of 1st period - Slapshot by Dmitrij Jaskin.
1:29 of 1st period - Stopped by Louis Domingue without a rebound.
1:29 of 1st period - Minor Penalty to Louis Domingue for Slashing.
1:30 of 1st period - Colton Gillies wins face-off versus Vincent Trocheck in Punishers zone.
1:43 of 1st period - Snap shot by Vincent Trocheck.
1:43 of 1st period - Shot Misses the Net.
2:25 of 1st period - Robbie Earl is hit by Jonathan Marchessault and loses puck.
3:15 of 1st period - Snap shot by Garret Ross.
3:15 of 1st period - Stopped by Antoine Bibeau with a rebound.
3:29 of 1st period - Penalty to Andreas Athanasiou is over, Andreas Athanasiou is back on ice.
3:30 of 1st period - Icing by Vincent Trocheck.
3:31 of 1st period - Andreas Athanasiou wins face-off versus Vincent Trocheck in Sewer Rats zone.
3:32 of 1st period - Slapshot by David Laliberté.
3:32 of 1st period - Stopped by Antoine Bibeau with a rebound.
3:34 of 1st period - Slapshot by Dylan DeMelo.
3:34 of 1st period - Stopped by Antoine Bibeau with a rebound.
3:38 of 1st period - Snap shot by Andreas Athanasiou.
3:38 of 1st period - Stopped by Antoine Bibeau with a rebound.
3:40 of 1st period - Wrist shot by Tyler Bertuzzi.
3:40 of 1st period - Stopped by Antoine Bibeau with a rebound.
3:42 of 1st period - Slapshot by Patrick Wiercioch.
3:42 of 1st period - Stopped by Antoine Bibeau with a rebound.
4:04 of 1st period - Backhand shot by Martin Frk.
4:04 of 1st period - Stopped by Louis Domingue without a rebound.
4:05 of 1st period - Jonathan Marchessault wins face-off versus Colton Gillies in Punishers zone.
4:06 of 1st period - Slapshot by Erik Condra.
4:06 of 1st period - Shot Misses the Net.
4:32 of 1st period - Minor Penalty to Stefan Elliott for Kneeing.
4:33 of 1st period - Colton Gillies wins face-off versus Vincent Trocheck in Punishers zone.
4:41 of 1st period - Minor Penalty to Patrick Wiercioch for Hooking.
4:42 of 1st period - Vincent Trocheck wins face-off versus Colton Gillies in Punishers zone.
5:19 of 1st period - Icing by Mark Mancari.
5:20 of 1st period - Colton Gillies wins face-off versus Vincent Trocheck in Sewer Rats zone.
5:35 of 1st period - Snap shot by Erik Condra.
5:35 of 1st period - Deflect By Jonathan Marchessault.
5:35 of 1st period - Shot Misses the Net.
5:35 of 1st period - Puck is out of play.
5:36 of 1st period - Robbie Earl wins face-off versus Jonathan Marchessault in Punishers zone.
6:08 of 1st period - Icing by Joel Edmundson.
6:09 of 1st period - Robbie Earl wins face-off versus Vincent Trocheck in Sewer Rats zone.
6:18 of 1st period - Madison Bowey is hit by Joel Edmundson and loses puck.
6:32 of 1st period - Penalty to Stefan Elliott is over, Stefan Elliott is back on ice.
6:41 of 1st period - Penalty to Patrick Wiercioch is over, Patrick Wiercioch is back on ice.
6:55 of 1st period - Backhand shot by David Laliberté.
6:55 of 1st period - Shot Misses the Net.
6:57 of 1st period - Wrist shot by Madison Bowey.
6:57 of 1st period - Deflect By Andreas Athanasiou.
6:57 of 1st period - Shot Blocked by Joel Edmundson.
6:57 of 1st period - Puck is out of play.
6:58 of 1st period - Jonathan Marchessault wins face-off versus Colton Gillies in Sewer Rats zone.
7:16 of 1st period - Minor Penalty to Steven Kampfer for Hooking.
7:17 of 1st period - Mark Mancari wins face-off versus Andreas Athanasiou in Sewer Rats zone.
7:29 of 1st period - Slapshot by Stefan Elliott.
7:29 of 1st period - Stopped by Antoine Bibeau with a rebound.
9:16 of 1st period - Penalty to Steven Kampfer is over, Steven Kampfer is back on ice.
9:37 of 1st period - Snap shot by Mark Mancari.
9:37 of 1st period - Shot Blocked by Adam Pelech.
9:39 of 1st period - Snap shot by Steven Kampfer.
9:39 of 1st period - Shot Misses the Net.
9:41 of 1st period - Snap shot by Erik Condra.
9:41 of 1st period - Stopped by Louis Domingue without a rebound.
9:42 of 1st period - William Karlsson wins face-off versus Freddie Hamilton in Punishers zone.
9:45 of 1st period - Snap shot by Martin Frk.
9:45 of 1st period - Stopped by Louis Domingue with a rebound.
10:46 of 1st period - Snap shot by Nikita Gusev.
10:46 of 1st period - Shot Misses the Net.
11:04 of 1st period - Wrist shot by Garret Ross.
11:04 of 1st period - Stopped by Antoine Bibeau with a rebound.
11:36 of 1st period - Wrist shot by Erik Condra.
11:36 of 1st period - Stopped by Louis Domingue with a rebound.
11:38 of 1st period - Snap shot by Erik Condra.
11:38 of 1st period - Stopped by Louis Domingue with a rebound.
11:48 of 1st period - Carter Ashton is hit by Jarred Tinordi.
11:52 of 1st period - Jarred Tinordi is hit by Stefan Elliott and loses puck.
12:42 of 1st period - Erik Condra is hit by David Laliberté and loses puck.
13:07 of 1st period - Wrist shot by Carter Ashton.
13:07 of 1st period - Stopped by Antoine Bibeau with a rebound.
13:13 of 1st period - Snap shot by Carter Ashton.
13:13 of 1st period - Shot Misses the Net.
13:15 of 1st period - Snap shot by Carter Ashton.
13:15 of 1st period - Shot Misses the Net.
13:22 of 1st period - Icing by Connor Carrick.
13:23 of 1st period - Nick Cousins wins face-off versus Colton Gillies in Sewer Rats zone.
13:28 of 1st period - Colton Gillies is hit by Connor Carrick and loses puck.
13:53 of 1st period - Wrist shot by Mark Mancari.
13:53 of 1st period - Stopped by Louis Domingue with a rebound.
13:55 of 1st period - Slapshot by Tomas Tatar.
13:55 of 1st period - Stopped by Louis Domingue with a rebound.
13:57 of 1st period - Wrist shot by Tomas Tatar.
13:57 of 1st period - Shot Blocked by Patrick Wiercioch.
14:13 of 1st period - Wrist shot by Miikka Salomaki.
14:13 of 1st period - Stopped by Antoine Bibeau with a rebound.
14:38 of 1st period - Slapshot by Stefan Elliott.
14:38 of 1st period - Shot Misses the Net.
14:44 of 1st period - Stefan Elliott is hit by Steven Kampfer.
15:22 of 1st period - Nick Cousins is hit by Stefan Elliott and loses puck.
15:52 of 1st period - Jarred Tinordi is hit by Freddie Hamilton and loses puck.
16:05 of 1st period - Wrist shot by Erik Condra.
16:05 of 1st period - Stopped by Louis Domingue without a rebound.
16:06 of 1st period - Colton Gillies wins face-off versus Jonathan Marchessault in Punishers zone.
16:37 of 1st period - Ryan Murphy is hit by Robbie Earl and loses puck.
16:44 of 1st period - Slapshot by Colton Gillies.
16:44 of 1st period - Shot Misses the Net.
16:46 of 1st period - Wrist shot by Dylan DeMelo.
16:46 of 1st period - Stopped by Antoine Bibeau with a rebound.
16:48 of 1st period - Wrist shot by Colton Gillies.
16:48 of 1st period - Stopped by Antoine Bibeau without a rebound.
16:49 of 1st period - Vincent Trocheck wins face-off versus Andreas Athanasiou in Sewer Rats zone.
17:35 of 1st period - Carter Ashton is hit by Nick Cousins and loses puck.
18:05 of 1st period - Slapshot by Stefan Elliott.
18:05 of 1st period - Shot Blocked by Ryan Murphy.
18:07 of 1st period - Snap shot by Carter Ashton.
18:07 of 1st period - Stopped by Antoine Bibeau with a rebound.
19:26 of 1st period - Minor Penalty to Nikita Gusev for Roughing.
19:27 of 1st period - Colton Gillies wins face-off versus Vincent Trocheck in Punishers zone.
19:27 of 1st period - Colton Gillies is hit by Matt Lashoff.
19:38 of 1st period - Snap shot by Mark Mancari.
19:38 of 1st period - Shot Misses the Net.
19:52 of 1st period - Patrick Wiercioch is hit by Jonathan Marchessault and loses puck.
Goals for this period are 0 for Sewer Rats vs 0 for Punishers.
Shots for this period are 9 for Sewer Rats vs 15 for Punishers.
2nd period
0:01 of 2nd period - Colton Gillies wins face-off versus Vincent Trocheck in neutral zone.
0:11 of 2nd period - Off-side.
0:12 of 2nd period - Colton Gillies wins face-off versus Mark Mancari in neutral zone.
0:35 of 2nd period - Matt Lashoff is hit by Colton Gillies and loses puck.
0:58 of 2nd period - Snap shot by Robbie Earl.
0:58 of 2nd period - Shot Misses the Net.
1:26 of 2nd period - Penalty to Nikita Gusev is over, Nikita Gusev is back on ice.
1:40 of 2nd period - Backhand shot by Tomas Tatar.
1:40 of 2nd period - Stopped by Louis Domingue with a rebound.
1:42 of 2nd period - Slapshot by Steven Kampfer.
1:42 of 2nd period - Goal by Steven Kampfer - Sewer Rats : 1 - Punishers : 0.
1:43 of 2nd period - Andreas Athanasiou wins face-off versus Jonathan Marchessault in neutral zone.
1:49 of 2nd period - Off-side.
1:50 of 2nd period - Jonathan Marchessault wins face-off versus Andreas Athanasiou in neutral zone.
2:25 of 2nd period - William Karlsson is hit by Patrick Wiercioch and loses puck.
2:46 of 2nd period - Wrist shot by Freddie Hamilton.
2:46 of 2nd period - Shot Misses the Net.
2:56 of 2nd period - Slapshot by Jonathan Marchessault.
2:56 of 2nd period - Stopped by Louis Domingue without a rebound.
2:57 of 2nd period - Michael Joly wins face-off versus Jonathan Marchessault in Punishers zone.
3:50 of 2nd period - Snap shot by Andreas Athanasiou.
3:50 of 2nd period - Shot Blocked by Ryan Murphy.
3:52 of 2nd period - Slapshot by Stefan Elliott.
3:52 of 2nd period - Stopped by Antoine Bibeau with a rebound.
4:30 of 2nd period - Carter Ashton is hit by Vincent Trocheck and loses puck.
4:45 of 2nd period - Joel Edmundson is hit by Colton Gillies and loses puck.
5:25 of 2nd period - Jonathan Marchessault is hit by Dylan DeMelo and loses puck.
6:09 of 2nd period - Wrist shot by David Laliberté.
6:09 of 2nd period - Shot Blocked by Connor Carrick.
6:11 of 2nd period - Snap shot by Tyler Bertuzzi.
6:11 of 2nd period - Deflect By David Laliberté.
6:11 of 2nd period - Shot Misses the Net.
6:11 of 2nd period - Puck is out of play.
6:12 of 2nd period - Colton Gillies wins face-off versus Vincent Trocheck in Sewer Rats zone.
6:13 of 2nd period - Snap shot by Mattias Tedenby.
6:13 of 2nd period - Shot Misses the Net.
6:15 of 2nd period - Snap shot by Robbie Earl.
6:15 of 2nd period - Goal by Robbie Earl - Sewer Rats : 1 - Punishers : 1.
6:16 of 2nd period - Vincent Trocheck wins face-off versus Colton Gillies in neutral zone.
6:37 of 2nd period - Minor Penalty to Mattias Tedenby for Tripping.
6:38 of 2nd period - Vincent Trocheck wins face-off versus Colton Gillies in Punishers zone.
8:10 of 2nd period - Vincent Trocheck is hit by Garret Ross and loses puck.
8:37 of 2nd period - Penalty to Mattias Tedenby is over, Mattias Tedenby is back on ice.
9:22 of 2nd period - Backhand shot by Nikita Gusev.
9:22 of 2nd period - Stopped by Antoine Bibeau without a rebound.
9:23 of 2nd period - Michael Joly wins face-off versus William Karlsson in Sewer Rats zone.
9:28 of 2nd period - Slapshot by Carter Ashton.
9:28 of 2nd period - Goal by Carter Ashton - Sewer Rats : 1 - Punishers : 2.
9:29 of 2nd period - Colton Gillies wins face-off versus Vincent Trocheck in neutral zone.
9:41 of 2nd period - Snap shot by Vincent Trocheck.
9:41 of 2nd period - Stopped by Louis Domingue without a rebound.
9:42 of 2nd period - Colton Gillies wins face-off versus Mark Mancari in Punishers zone.
9:42 of 2nd period - Colton Gillies is hit by Steven Kampfer.
9:47 of 2nd period - Off-side.
9:48 of 2nd period - Mattias Tedenby wins face-off versus Vincent Trocheck in neutral zone.
9:48 of 2nd period - Robbie Earl is hit by Mark Mancari and loses puck.
10:01 of 2nd period - Snap shot by Robbie Earl.
10:01 of 2nd period - Deflect By Colton Gillies.
10:01 of 2nd period - Stopped by Antoine Bibeau with a rebound.
10:03 of 2nd period - Wrist shot by Mattias Tedenby.
10:03 of 2nd period - Shot Blocked by Vincent Trocheck.
10:13 of 2nd period - Snap shot by David Laliberté.
10:13 of 2nd period - Shot Blocked by Matt Lashoff.
10:15 of 2nd period - Slapshot by Madison Bowey.
10:15 of 2nd period - Stopped by Antoine Bibeau with a rebound.
10:17 of 2nd period - Slapshot by Andreas Athanasiou.
10:17 of 2nd period - Stopped by Antoine Bibeau with a rebound.
10:19 of 2nd period - Slapshot by Jordan Schmaltz.
10:19 of 2nd period - Stopped by Antoine Bibeau without a rebound.
10:20 of 2nd period - Colton Gillies wins face-off versus Jonathan Marchessault in Sewer Rats zone.
10:28 of 2nd period - Off-side.
10:29 of 2nd period - Erik Condra wins face-off versus Colton Gillies in neutral zone.
10:46 of 2nd period - Wrist shot by Daniel Carr.
10:46 of 2nd period - Deflect By Erik Condra.
10:46 of 2nd period - Shot Blocked by Stefan Elliott.
10:46 of 2nd period - Puck is out of play.
10:47 of 2nd period - Andreas Athanasiou wins face-off versus Vincent Trocheck in Punishers zone.
11:00 of 2nd period - David Laliberté is hit by Vincent Trocheck.
11:04 of 2nd period - Tomas Tatar is hit by Madison Bowey and loses puck.
11:20 of 2nd period - Off-side.
11:21 of 2nd period - Jonathan Marchessault wins face-off versus Colton Gillies in neutral zone.
11:26 of 2nd period - Wrist shot by Erik Condra.
11:26 of 2nd period - Shot Misses the Net.
11:28 of 2nd period - Slapshot by Joel Edmundson.
11:28 of 2nd period - Shot Blocked by Adam Pelech.
11:46 of 2nd period - Jarred Tinordi is hit by Andreas Athanasiou and loses puck.
12:09 of 2nd period - Wrist shot by Miikka Salomaki.
12:09 of 2nd period - Deflect By Garret Ross.
12:09 of 2nd period - Stopped by Antoine Bibeau without a rebound.
12:10 of 2nd period - William Karlsson wins face-off versus Colton Gillies in Sewer Rats zone.
12:10 of 2nd period - William Karlsson is hit by Robbie Earl.
12:36 of 2nd period - Matt Lashoff is hit by Madison Bowey and loses puck.
12:45 of 2nd period - Garret Ross is hit by William Karlsson and loses puck.
14:22 of 2nd period - Tyler Bertuzzi is hit by Steven Kampfer and loses puck.
14:37 of 2nd period - Jarred Tinordi is hit by Mattias Tedenby and loses puck.
15:08 of 2nd period - Tomas Tatar is hit by Dylan DeMelo and loses puck.
15:15 of 2nd period - Dylan DeMelo is hit by Tomas Tatar and loses puck.
15:41 of 2nd period - Wrist shot by Mattias Tedenby.
15:41 of 2nd period - Stopped by Antoine Bibeau with a rebound.
15:43 of 2nd period - Snap shot by Colton Gillies.
15:43 of 2nd period - Deflect By Robbie Earl.
15:43 of 2nd period - Stopped by Antoine Bibeau with a rebound.
15:45 of 2nd period - Slapshot by Madison Bowey.
15:45 of 2nd period - Deflect By Robbie Earl.
15:45 of 2nd period - Shot Misses the Net.
15:45 of 2nd period - Puck is out of play.
15:46 of 2nd period - William Karlsson wins face-off versus Colton Gillies in Sewer Rats zone.
15:46 of 2nd period - William Karlsson is hit by Mattias Tedenby.
15:49 of 2nd period - Minor Penalty to Anthony Duclair for Roughing.
15:50 of 2nd period - Mark Mancari wins face-off versus Andreas Athanasiou in Sewer Rats zone.
16:02 of 2nd period - Matt Lashoff is hit by Robbie Earl.
16:21 of 2nd period - Slapshot by Adam Pelech.
16:21 of 2nd period - Stopped by Antoine Bibeau without a rebound.
16:22 of 2nd period - Colton Gillies wins face-off versus Mark Mancari in Sewer Rats zone.
17:00 of 2nd period - Matt Lashoff is hit by Andreas Athanasiou and loses puck.
17:49 of 2nd period - Penalty to Anthony Duclair is over, Anthony Duclair is back on ice.
17:59 of 2nd period - Wrist shot by William Karlsson.
17:59 of 2nd period - Stopped by Louis Domingue with a rebound.
18:01 of 2nd period - Slapshot by Jarred Tinordi.
18:01 of 2nd period - Shot Misses the Net.
18:03 of 2nd period - Snap shot by Martin Frk.
18:03 of 2nd period - Shot Blocked by Patrick Wiercioch.
18:05 of 2nd period - Slapshot by Martin Frk.
18:05 of 2nd period - Stopped by Louis Domingue with a rebound.
19:44 of 2nd period - Slapshot by Matt Lashoff.
19:44 of 2nd period - Stopped by Louis Domingue with a rebound.
19:46 of 2nd period - Slapshot by Steven Kampfer.
19:46 of 2nd period - Stopped by Louis Domingue with a rebound.
Goals for this period are 1 for Sewer Rats vs 2 for Punishers.
Shots for this period are 8 for Sewer Rats vs 12 for Punishers.
3rd period
0:01 of 3rd period - Vincent Trocheck wins face-off versus Colton Gillies in neutral zone.
0:06 of 3rd period - Snap shot by Tomas Tatar.
0:06 of 3rd period - Deflect By Mark Mancari.
0:06 of 3rd period - Shot Misses the Net.
0:06 of 3rd period - Puck is out of play.
0:07 of 3rd period - Mark Mancari wins face-off versus Colton Gillies in Punishers zone.
0:16 of 3rd period - Slapshot by Tomas Tatar.
0:16 of 3rd period - Shot Misses the Net.
0:19 of 3rd period - Icing by Mattias Tedenby.
0:20 of 3rd period - Colton Gillies wins face-off versus Tomas Tatar in Punishers zone.
1:15 of 3rd period - Snap shot by Garret Ross.
1:15 of 3rd period - Shot Misses the Net.
1:25 of 3rd period - Nikita Gusev is hit by Tomas Tatar and loses puck.
1:34 of 3rd period - Snap shot by Nikita Gusev.
1:34 of 3rd period - Stopped by Antoine Bibeau with a rebound.
1:44 of 3rd period - Slapshot by Nick Cousins.
1:44 of 3rd period - Stopped by Louis Domingue without a rebound.
1:45 of 3rd period - Nick Cousins wins face-off versus Colton Gillies in Punishers zone.
1:53 of 3rd period - Minor Penalty to Nick Cousins for Cross-checking.
1:54 of 3rd period - Mark Mancari wins face-off versus Andreas Athanasiou in Sewer Rats zone.
3:26 of 3rd period - David Laliberté is hit by Vincent Trocheck and loses puck.
3:53 of 3rd period - Penalty to Nick Cousins is over, Nick Cousins is back on ice.
4:05 of 3rd period - Ryan Murphy is hit by Miikka Salomaki and loses puck.
4:30 of 3rd period - Wrist shot by William Karlsson.
4:30 of 3rd period - Shot Blocked by Patrick Wiercioch.
4:32 of 3rd period - Backhand shot by Anthony Duclair.
4:32 of 3rd period - Stopped by Louis Domingue with a rebound.
4:34 of 3rd period - Wrist shot by William Karlsson.
4:34 of 3rd period - Deflect By Dylan DeMelo.
4:34 of 3rd period - Stopped by Louis Domingue without a rebound.
4:35 of 3rd period - Vincent Trocheck wins face-off versus Freddie Hamilton in Punishers zone.
4:36 of 3rd period - Snap shot by Mark Mancari.
4:36 of 3rd period - Shot Misses the Net.
4:38 of 3rd period - Slapshot by Mark Mancari.
4:38 of 3rd period - Stopped by Louis Domingue without a rebound.
4:39 of 3rd period - Miikka Salomaki wins face-off versus Vincent Trocheck in Punishers zone.
4:39 of 3rd period - Miikka Salomaki is hit by Mark Mancari.
4:47 of 3rd period - Slapshot by Patrick Wiercioch.
4:47 of 3rd period - Deflect By Tomas Tatar.
4:47 of 3rd period - Stopped by Antoine Bibeau without a rebound.
4:48 of 3rd period - Vincent Trocheck wins face-off versus Colton Gillies in Sewer Rats zone.
5:06 of 3rd period - Icing by Steven Kampfer.
5:07 of 3rd period - Vincent Trocheck wins face-off versus Andreas Athanasiou in Sewer Rats zone.
5:07 of 3rd period - Vincent Trocheck is hit by Madison Bowey.
5:33 of 3rd period - Jonathan Marchessault is hit by Colton Gillies and loses puck.
6:19 of 3rd period - Snap shot by Dmitrij Jaskin.
6:19 of 3rd period - Stopped by Louis Domingue with a rebound.
6:21 of 3rd period - Snap shot by Joel Edmundson.
6:21 of 3rd period - Stopped by Louis Domingue without a rebound.
6:22 of 3rd period - Vincent Trocheck wins face-off versus Colton Gillies in Punishers zone.
6:31 of 3rd period - Backhand shot by Robbie Earl.
6:31 of 3rd period - Stopped by Antoine Bibeau without a rebound.
6:32 of 3rd period - Colton Gillies wins face-off versus Vincent Trocheck in Sewer Rats zone.
6:43 of 3rd period - Snap shot by Mattias Tedenby.
6:43 of 3rd period - Shot Blocked by Steven Kampfer.
6:58 of 3rd period - Minor Penalty to Colton Gillies for Slashing.
6:59 of 3rd period - Vincent Trocheck wins face-off versus Miikka Salomaki in Punishers zone.
6:59 of 3rd period - Snap shot by Tomas Tatar.
6:59 of 3rd period - Shot Blocked by Robbie Earl.
7:01 of 3rd period - Slapshot by Mark Mancari.
7:01 of 3rd period - Shot Blocked by Madison Bowey.
7:03 of 3rd period - Wrist shot by Matt Lashoff.
7:03 of 3rd period - Shot Blocked by Madison Bowey.
7:05 of 3rd period - Slapshot by Tomas Tatar.
7:05 of 3rd period - Goal by Tomas Tatar - Sewer Rats : 2 - Punishers : 2.
7:06 of 3rd period - Vincent Trocheck wins face-off versus Robbie Earl in neutral zone.
7:11 of 3rd period - Wrist shot by Vincent Trocheck.
7:11 of 3rd period - Deflect By Mark Mancari.
7:11 of 3rd period - Shot Misses the Net.
7:11 of 3rd period - Puck is out of play.
7:12 of 3rd period - Vincent Trocheck wins face-off versus Mattias Tedenby in Punishers zone.
7:15 of 3rd period - Snap shot by Mark Mancari.
7:15 of 3rd period - Stopped by Louis Domingue without a rebound.
7:16 of 3rd period - Colton Gillies wins face-off versus Vincent Trocheck in Punishers zone.
7:18 of 3rd period - Minor Penalty to Adam Pelech for Hooking.
7:19 of 3rd period - Colton Gillies wins face-off versus Vincent Trocheck in Punishers zone.
7:29 of 3rd period - Robbie Earl is hit by Vincent Trocheck and loses puck.
9:04 of 3rd period - Icing by Jonathan Marchessault.
9:05 of 3rd period - Garret Ross wins face-off versus Jonathan Marchessault in Sewer Rats zone.
9:18 of 3rd period - Penalty to Adam Pelech is over, Adam Pelech is back on ice.
10:33 of 3rd period - Mattias Tedenby is hit by Martin Frk and loses puck.
11:05 of 3rd period - Snap shot by Freddie Hamilton.
11:05 of 3rd period - Shot Misses the Net.
11:19 of 3rd period - Snap shot by Daniel Carr.
11:19 of 3rd period - Shot Blocked by David Laliberté.
11:57 of 3rd period - Patrick Wiercioch is hit by Mark Mancari and loses puck.
12:22 of 3rd period - Slapshot by Miikka Salomaki.
12:22 of 3rd period - Stopped by Antoine Bibeau with a rebound.
12:24 of 3rd period - Snap shot by Freddie Hamilton.
12:24 of 3rd period - Shot Misses the Net.
12:41 of 3rd period - Snap shot by Erik Condra.
12:41 of 3rd period - Stopped by Louis Domingue without a rebound.
12:42 of 3rd period - Andreas Athanasiou wins face-off versus Vincent Trocheck in Punishers zone.
12:54 of 3rd period - Off-side.
12:55 of 3rd period - Colton Gillies wins face-off versus Vincent Trocheck in neutral zone.
13:20 of 3rd period - Daniel Carr is hit by Adam Pelech and loses puck.
13:31 of 3rd period - Wrist shot by Garret Ross.
13:31 of 3rd period - Stopped by Antoine Bibeau with a rebound.
13:47 of 3rd period - Slapshot by William Karlsson.
13:47 of 3rd period - Deflect By Martin Frk.
13:47 of 3rd period - Stopped by Louis Domingue without a rebound.
13:48 of 3rd period - Andreas Athanasiou wins face-off versus Vincent Trocheck in Punishers zone.
13:48 of 3rd period - Andreas Athanasiou is hit by Mark Mancari.
14:11 of 3rd period - Minor Penalty to Jarred Tinordi for Roughing.
14:12 of 3rd period - Andreas Athanasiou wins face-off versus Mark Mancari in Sewer Rats zone.
15:21 of 3rd period - Joel Edmundson is hit by David Laliberté and loses puck.
16:06 of 3rd period - Wrist shot by Nick Cousins.
16:06 of 3rd period - Stopped by Louis Domingue with a rebound.
16:11 of 3rd period - Penalty to Jarred Tinordi is over, Jarred Tinordi is back on ice.
16:18 of 3rd period - Joel Edmundson is hit by Madison Bowey and loses puck.
16:31 of 3rd period - Wrist shot by Nick Cousins.
16:31 of 3rd period - Stopped by Louis Domingue with a rebound.
16:33 of 3rd period - Wrist shot by Jarred Tinordi.
16:33 of 3rd period - Stopped by Louis Domingue with a rebound.
16:35 of 3rd period - Wrist shot by Joel Edmundson.
16:35 of 3rd period - Deflect By Daniel Carr.
16:35 of 3rd period - Shot Blocked by Jordan Schmaltz.
16:35 of 3rd period - Puck is out of play.
16:36 of 3rd period - Freddie Hamilton wins face-off versus William Karlsson in Punishers zone.
16:41 of 3rd period - Slapshot by Matt Lashoff.
16:41 of 3rd period - Stopped by Louis Domingue without a rebound.
16:42 of 3rd period - Freddie Hamilton wins face-off versus William Karlsson in Punishers zone.
17:17 of 3rd period - Wrist shot by Mattias Tedenby.
17:17 of 3rd period - Stopped by Antoine Bibeau with a rebound.
17:37 of 3rd period - Daniel Carr is hit by Stefan Elliott and loses puck.
18:07 of 3rd period - Off-side.
18:08 of 3rd period - Freddie Hamilton wins face-off versus William Karlsson in neutral zone.
19:10 of 3rd period - Minor Penalty to Daniel Carr for Hooking.
19:11 of 3rd period - Andreas Athanasiou wins face-off versus Mark Mancari in Sewer Rats zone.
Goals for this period are 1 for Sewer Rats vs 0 for Punishers.
Shots for this period are 14 for Sewer Rats vs 6 for Punishers.
Overtime #1
0:01 of 1st overtime period - Mark Mancari wins face-off versus Andreas Athanasiou in neutral zone.
0:08 of 1st overtime period - Slapshot by Matt Lashoff.
0:08 of 1st overtime period - Stopped by Louis Domingue with a rebound.
1:10 of 1st overtime period - Penalty to Daniel Carr is over, Daniel Carr is back on ice.
1:15 of 1st overtime period - Slapshot by Jarred Tinordi.
1:15 of 1st overtime period - Stopped by Louis Domingue without a rebound.
1:16 of 1st overtime period - William Karlsson wins face-off versus Freddie Hamilton in Punishers zone.
2:35 of 1st overtime period - Matt Lashoff is hit by Adam Pelech and loses puck.
3:39 of 1st overtime period - Joel Edmundson is hit by Jordan Schmaltz and loses puck.
4:32 of 1st overtime period - Dylan DeMelo is hit by Daniel Carr.
4:50 of 1st overtime period - Snap shot by Tomas Tatar.
4:50 of 1st overtime period - Shot Misses the Net.
4:52 of 1st overtime period - Snap shot by Tomas Tatar.
4:52 of 1st overtime period - Stopped by Louis Domingue with a rebound.
Goals for this period are 0 for Sewer Rats vs 0 for Punishers.
Shots for this period are 3 for Sewer Rats vs 0 for Punishers.
ShootOut
5:00 of 1st overtime period - Round #1.
5:00 of 1st overtime period - Sewer Rats, Mark Mancari.
5:00 of 1st overtime period - Snap shot by Mark Mancari.
5:00 of 1st overtime period - Stopped by Louis Domingue.
5:00 of 1st overtime period - Punishers, Mattias Tedenby.
5:00 of 1st overtime period - Wrist shot by Mattias Tedenby.
5:00 of 1st overtime period - Shot Misses the Net.
5:00 of 1st overtime period - Round #2.
5:00 of 1st overtime period - Sewer Rats, Erik Condra.
5:00 of 1st overtime period - Snap shot by Erik Condra.
5:00 of 1st overtime period - Stopped by Louis Domingue.
5:00 of 1st overtime period - Punishers, Robbie Earl.
5:00 of 1st overtime period - Snap shot by Robbie Earl.
5:00 of 1st overtime period - Goal by Robbie Earl.
5:00 of 1st overtime period - Round #3.
5:00 of 1st overtime period - Sewer Rats, Tomas Tatar.
5:00 of 1st overtime period - Snap shot by Tomas Tatar.
5:00 of 1st overtime period - Stopped by Louis Domingue.
Back to the Top